Description

General starter Protoss Beginner guide for playing with yourself, updated to the 2020 video, mostly general rules, he got some pylons late while explaining and did everything intentionally slowly.

At the end, he is maxed at 9:50, 4th base building, 6 immortals, 1 colossi, 3 sentries, 6 archons, 3 stalkers, 3 adepts and the rest on zealots.

VOD

https://www.youtube.com/watch?v=nPBEMChpVsY

Build Order

Get SALT Encoding   

  14  0:19  Pylon  
  16  0:46  Gateway Chrono after  
  16  0:51  Probe (Chrono Boost)  
  17  0:58  Assimilator  
  19  1:22  Action Scout from 19th probe when assimilator is done  
  21  1:38  Cybernetics Core Then send the probe down to build the expansion  
  21  1:47  Nexus  
  21  1:52  Pylon Super pylon by the expand  
  23  2:06  Assimilator Up from the pylon  
  26  2:20  Adept  
  26  2:25  Warp Gate (Chrono Boost) 1x chrono  
  27  2:30  Action Probes to second gas  
  27  2:32  Robotics Facility  
  27  2:48  Pylon  
  29  2:50  Stalker  
  33  3:04  Gateway x2 2 Gates when the second nexus finishes  
  36  3:23  Observer (Chrono Boost) 2 obs to scout then non-stop immortals x5, colossi x1, stalkers, adepts, sentries x3  
  39  3:26  Sentry  
  40  3:37  Observer queued, one for each side of the map  
  45  4:03  Pylon x2 On the edge of the base  
  46  4:08  Immortal  
  50  4:13  Stalker x2  
  57  4:39  Assimilator At 40 probes, both expansion gases  
  60  4:56  Robotics Bay Skip if Zerg or protoss and go for archons  
  60  4:57  Forge  
  60  5:00  Immortal (Chrono Boost)  
  65  5:02  Nexus  
  65  5:03  Pylon x2 by 3th, by 3th  
  70  5:33  Protoss Ground Weapons Level 1 (Chrono Boost) chrono  
  78  5:53  Gateway x5 At 50 probes go to 8 gates  
  87  6:26  Twilight Council When Robotics Bay is ready  
  98  7:07  Charge  
  105  7:26  Templar Archives As soon as Twilight finishes  
  107  7:31  Assimilator x2 third  
  124  7:40  Zealot Start up them zealots and pylons  
  125  7:52  Protoss Ground Weapons Level 2  
  130  8:18  High Templar x8, up to 6 archons  
  152  8:47  Photon Cannon Around the base at 70 workers, batteries if needed  
Spawning Tool Build Advisor. Get it on Overwolf

Analysis

This is mostly vs Terran, not that vs all like the older ones.

Recommended wall on the expo against zerg (gate then scout with the gate probe at 0:48); Abort if one base all in scouted ("if a spawning pool if finished before your gateway, get cyber, another gate and a zealot").

Go to:

Details

  • Created by: varum
  • Published on: Mar 12, 2019
  • Modified on: Jun 22, 2020
  • Patch: 4.11.0
  • Difficulty: Easy
Show
View Real Time Build Order
Export as new Build Order

Comments (0)

There are no comments. Be the first!

Create an account to comment!